 Dungeon Crawl Stone Soup version 0.20.0 (webtiles) character file.

1814 Llamajah the Shield-Bearer (level 9, -10/71 HPs)
             Began as a Formicid Fighter on June 15, 2017.
             Mangled by Menkaure (12 damage)
             ... on level 6 of the Dungeon.
             The game lasted 00:12:43 (5095 turns).

Llamajah the Shield-Bearer (Formicid Fighter)       Turns: 5095, Time: 00:12:43

Health: -10/71     AC: 11    Str: 23    XL:     9   Next: 31%
Magic:  9/9        EV: 11    Int:  9    God:
Gold:   186        SH: 12    Dex: 10    Spells: 8/8 levels left

rFire    . . .     SeeInvis +   a - +1 war axe
rCold    . . .     Gourm    .   c - +1 shield
rNeg     . . .     Faith    .   b - +0 scale mail
rPois    +         Spirit   .   (helmet unavailable)
rElec    .         Reflect  .   (no cloak)
rCorr    .         Harm     .   (no gloves)
MR       .....                  t - +2 pair of boots
Stlth    ..........             (no amulet)
Regen    0.3/turn               (no ring)
MPRegen  0.2/turn               u - ring of poison resistance

@: no status effects
A: permanent stasis, dig shafts and tunnels, four strong arms, antennae 3
a: Dig, Shaft Self


You were on level 6 of the Dungeon.
You were not hungry.

You visited 2 branches of the dungeon, and saw 7 of its levels.

You collected 246 gold pieces.
You spent 60 gold pieces at shops.

Inventory:

Hand Weapons
 a - a +1 war axe (weapon)
Armour
 b - a +0 scale mail (worn)
 c - a +1 shield (worn)
 t - a +2 pair of boots (worn)
Jewellery
 u - a ring of poison resistance (right hand)
Wands
 w - a wand of flame (29/48)
 x - a wand of paralysis (2/24)
Scrolls
 d - a scroll of enchant armour
 e - a scroll of identify
 j - a scroll of amnesia
 n - 4 scrolls of remove curse
 o - 2 scrolls of recharging {unknown}
 p - a scroll of acquirement {unknown}
 r - a scroll of magic mapping {unknown}
 s - 3 scrolls of teleportation {unknown}
 y - a scroll of fear {unknown}
 A - a scroll of blinking {unknown}
Potions
 g - a potion of flight
 k - 2 potions of curing
 l - 2 potions of magic {unknown}
 m - 2 potions of brilliance {unknown}
 q - 2 potions of berserk rage {unknown}
 v - a potion of haste {unknown}
 B - 2 potions of agility {unknown}
Comestibles
 f - 4 bread rations
 h - 2 royal jellies
 i - 6 fruits
 z - 5 chunks of flesh


   Skills:
 + Level 6.7 Fighting
 + Level 5.5 Axes
 + Level 6.4 Armour
 + Level 4.2 Dodging
 + Level 7.1 Shields


You had 8 spell levels left.
You didn't know any spells.

Dungeon Overview and Level Annotations

Branches:
Dungeon (6/15)             Temple (1/1) D:5

Altars:
Ashenzari
Cheibriados
Elyvilon
Fedhas
Gozag
Hepliaklqana
Makhleb
Nemelex Xobeh
Ru
Sif Muna
Uskayaw
Vehumet
Xom
Yredelemnul
Zin
The Shining One

Shops:
D:4 !   D:5 (

Annotations:
D:6 Menkaure


Innate Abilities, Weirdness & Mutations

You cannot be hasted, slowed, berserked, paralysed or teleported.
You can dig through walls and to a lower floor.
Your four strong arms can wield two-handed weapons with a shield.
You have a pair of large antennae on your head. (SInv)


Message History

You block Menkaure's attack.
You hit Menkaure.
Menkaure is lightly damaged.
Menkaure barely misses you.
You barely miss Menkaure.
Menkaure is lightly damaged.
Menkaure rustles drily.
Menkaure calls on the powers of darkness!
Your body is wracked with pain!
* * * LOW HITPOINT WARNING * * *
Menkaure hits you!!
* * * LOW HITPOINT WARNING * * *
You barely miss Menkaure.
Menkaure is lightly damaged.
Menkaure calls on the powers of darkness!
You feel a surge of unholy energy.
You closely miss Menkaure.
Menkaure is lightly damaged.
You block Menkaure's attack. Menkaure hits you!
You die...

#...... #.# #...... #M#
#....## #.# #....## #.#
######### #...... #.#
#.......# #....## #.#
#.......# #.#.## #.#
#.....(.# #.#.###
#.####@......# #.#....
#....M.......+ #....
######.......######....
#.................
#.......######....
#.....########....
#.#.#.##....##....
#.#.#.##.##.##..#.
#...#.##.##.##..#.


You could see Menkaure.

Vanquished Creatures
  Pikel (D:6)
  A black bear (D:6)
  A hornet zombie (D:5)
  2 ice beasts
  2 ogres
  2 sky beasts
  3 bullfrogs
  A crimson imp (D:5)
  2 hounds
  A jelly (D:5)
  2 centaur skeletons
  A worker ant (D:6)
  A hound skeleton (D:6)
  Robin (D:4)
  6 adders
  5 gnolls
  A worm (D:2)
  A dart slug (D:1)
  4 leopard geckos
  16 orcs
  5 bats
  3 giant cockroaches
  20 goblins
  23 hobgoblins
  2 jackals (D:2)
  2 quokkas (D:4)
  A ball python (D:3)
  5 frilled lizards
  11 kobolds
  A leopard gecko zombie (D:6)
  A quokka zombie (D:6)
  6 rats
134 creatures vanquished.

Vanquished Creatures (others)
  A slave (D:6)
  A gnoll sergeant (D:6)
  A jelly (D:6)
  A gnoll (D:6)
  An adder (D:6)
  A shadow imp (D:6)
6 creatures vanquished.

Grand Total: 140 creatures vanquished

Notes
Turn   | Place    | Note
-------+----------+-------------------------------------------
     0 | D:1      | Llamajah the Formicid Fighter began the quest for the Orb.
     0 | D:1      | Reached XP level 1. HP: 18/18 MP: 1/1
    77 | D:1      | Reached XP level 2. HP: 22/24 MP: 2/2
   808 | D:1      | Reached skill level 4 in Shields
   808 | D:1      | Reached XP level 3. HP: 29/29 MP: 3/3
   900 | D:1      | Reached skill level 1 in Dodging
   912 | D:1      | Reached XP level 4. HP: 20/37 MP: 4/4
  1327 | D:2      | Reached XP level 5. HP: 34/42 MP: 5/5
  2094 | D:3      | Found a snail-covered altar of Cheibriados.
  2760 | D:4      | Noticed an ice beast
  2766 | D:4      | Killed an ice beast
  2766 | D:4      | Reached XP level 6. HP: 49/49 MP: 6/6
  2805 | D:4      | Noticed Robin
  2821 | D:4      | Reached skill level 5 in Shields
  2828 | D:4      | Killed Robin
  2847 | D:4      | Found Hemive Temyl's Distillery.
  2850 | D:4      | Bought a potion of curing for 30 gold pieces
  2850 | D:4      | Bought a potion of curing for 30 gold pieces
  2857 | D:4      | Reached XP level 7. HP: 49/55 MP: 7/7
  2897 | D:4      | Reached skill level 5 in Fighting
  3084 | D:4      | Found a basalt altar of Yredelemnul.
  3118 | D:5      | Entered Level 5 of the Dungeon
  3417 | D:5      | Found Gucaruyg's Antique Weapon Shop.
  3435 | D:5      | Reached skill level 5 in Armour
  3642 | D:5      | Found a staircase to the Ecumenical Temple.
  3654 | D:5      | Reached XP level 8. HP: 56/63 MP: 8/8
  3657 | Temple   | Entered the Ecumenical Temple
  3907 | D:5      | Reached skill level 6 in Shields
  4302 | D:6      | Noticed Pikel
  4332 | D:6      | Killed Pikel
  4332 | D:6      | Reached skill level 5 in Axes
  4332 | D:6      | Reached XP level 9. HP: 38/71 MP: 9/9
  4574 | D:6      | Reached skill level 7 in Shields
  5080 | D:6      | Noticed Menkaure
  5093 | D:6      | HP: 2/71 [Menkaure (18)]
  5095 | D:6      | Mangled by Menkaure

Skill      XL: |  1  2  3  4  5  6  7  8  9 |
---------------+----------------------------+-----
Shields        | 4 5 6 7 |  7.1
Dodging        | 1 2 3 4 |  4.2
Fighting       | 4 5 6 |  6.7
Axes           | 3 4 5 |  5.5
Armour         | 4 5 6 |  6.4

Action                   |  1- 3 |  4- 6 |  7- 9 || total
-------------------------+-------+-------+-------++-------
Melee: War axe           |    81 |   183 |   180 ||   444
 Abil: Dig               |     6 |     2 |       ||     8
  Use: Scroll            |     3 |     2 |       ||     5
       Potion            |       |       |     1 ||     1
  Eat: Chunk             |       |     7 |     8 ||    15
Armor: Scale mail        |    23 |    90 |    64 ||   177
Dodge: Dodged            |    22 |    73 |    92 ||   187
Block: Shield            |    38 |   111 |    98 ||   247
